 Dungeon Crawl Stone Soup version 0.21.0-37-g46506fa (webtiles) character file.

799 Goblin1989 the Chopper (level 7, -1/82 HPs)
             Began as a Demonspawn Monk on Jan 31, 2018.
             Was an Initiate of Gozag.
             Slain by a sky beast (6 damage)
             ... on level 5 of the Dungeon.
             The game lasted 00:14:26 (5982 turns).

Goblin1989 the Chopper (Demonspawn Monk)            Turns: 5982, Time: 00:14:27

Health: -1/82      AC: 11    Str: 18    XL:     7   Next: 59%
Magic:  0/7        EV: 19    Int: 12    God:    Gozag
Gold:   479        SH:  0    Dex: 19    Spells: 5/6 levels left

rFire    . . .     SeeInvis .   a - +0 hand axe
rCold    . . .     Gourm    .   (no shield)
rNeg     . . .     Faith    .   l - +0 scale mail
rPois    .         Spirit   +   w - +2 hat
rElec    .         Reflect  .   (no cloak)
rCorr    .         Harm     .   p - +0 pair of gloves
MR       .....                  k - +0 pair of boots
Stlth    ..........             (no amulet)
HPRegen  0.23/turn              h - +4 ring of dexterity
MPRegen  0.10/turn              v - +4 ring of evasion

@: berserking, hasted, very quick
A: talons 1, repulsion field 2, magic shield
a: Potion Petition, Call Merchant, Bribe Branch, Renounce Religion


You were on level 5 of the Dungeon.
You worshipped Gozag.
Gozag was aware of your devotion.
You were not hungry.

You visited 1 branch of the dungeon, and saw 6 of its levels.

You collected 521 gold pieces.
You spent 42 gold pieces at shops.

Inventory:

Hand Weapons
 a - a +0 hand axe (weapon)
 b - a +2 hand crossbow of freezing
Missiles
 E - 52 bolts
Armour
 k - a +0 pair of boots (worn)
 l - a +0 scale mail (worn)
 p - a +0 pair of gloves (worn)
 w - a +2 hat (worn)
 A - a +0 robe
Jewellery
 h - a +4 ring of dexterity (left hand)
 v - a +4 ring of evasion (right hand)
Scrolls
 m - 2 scrolls of amnesia {unknown}
 n - 3 scrolls of remove curse {@r2}
 q - 4 scrolls of teleportation {!r, @r3}
 t - 3 scrolls of fog {unknown}
 y - 2 scrolls of magic mapping {unknown}
 z - 2 scrolls of immolation {unknown}
 B - a scroll of random uselessness {unknown}
 G - a scroll of blinking {unknown}
 R - 6 scrolls of identify {@r1}
Comestibles
 e - 8 rations


   Skills:
 + Level 4.6 Fighting
 * Level 6.0 Axes
 + Level 2.8 Armour
 + Level 4.2 Dodging
 - Level 1.7 Stealth


You had 5 spell levels left.
You knew the following spells:

 Your Spells              Type           Power        Failure   Level  Hunger
o - Apportation           Tloc           #.....       71%         1    ##.....


Dungeon Overview and Level Annotations

Branches:
Dungeon (6/15)             Temple (0/1) D:4

Altars:
Fedhas
Gozag
Qazlal
Sif Muna

Shops:
D:4 *

Annotations:
D:5 Nanban's ghost, novice FoFi


Innate Abilities, Weirdness & Mutations

You have sharp toenails.
You are surrounded by a moderate repulsion field. (EV +3)
When hurt, damage is shared between your health and your magic reserves.


Message History

There are monsters nearby!
An orc warrior comes into view. It is wielding a vampiric long sword.
An orc comes into view.
The orc wizard casts a spell.
The orc wizard flickers and vanishes!
Deactivating autopickup; reactivate with Ctrl-A.
You hit the orc.
The orc is heavily wounded.
You miss something. You hit the orc.
You kill the orc!
You hit the orc warrior. You closely miss the orc warrior.
The orc warrior is lightly wounded.
You hear a shout!
You hit the orc but do no damage. The orc warrior completely misses you.
The orc barely misses you.
A sky beast comes into view.
You hit the orc warrior but do no damage.
The orc warrior is lightly wounded.
You barely miss the orc.
The orc warrior hits you with a vampiric long sword!
The orc warrior draws strength from your wounds!
You take 11 damage, and have 44/55 hp.
You now have 5/7 mp.
You hit the orc warrior but do no damage.
You hit the orc but do no damage. You completely miss the orc warrior.
You miss something. You barely miss the orc. The orc completely misses you.
The orc warrior misses you. Something closely misses you.
You hit the orc warrior but do no damage.
You miss something. You hit the orc. The orc barely misses you.
The sky beast is distracted by the nearby gold.
The orc warrior hits you but does no damage.
Something hits you but does no damage.
You hit the orc.
The orc is almost dead.
You hit the orc warrior but do no damage.
You hit something. The orc misses you.
The orc warrior hits you with a vampiric long sword.
You hear some strange, mumbled words.
A magic dart appears from out of thin air!
The magic dart hits you!
You take 9 damage, and have 35/55 hp.
You now have 4/7 mp.
The orc completely misses you.
The sky beast is no longer distracted by gold.
The sky beast flickers out of sight!
You hear some strange, mumbled words.
You are confused.
You're too confused to move!
Something barely misses you. Something closely misses you. The orc misses you.
The orc warrior hits you with a vampiric long sword!!
* * * LOW HITPOINT WARNING * * *
You take 16 damage, and have 20/55 hp.
MASSIVE DAMAGE!!
You now have 2/7 mp.
You're too confused to move!
A sky beast appears from thin air!
Reactivating autopickup.
The sky beast hits you but does no damage.
Something barely misses you. The orc barely misses you.
You feel less confused.
The orc warrior hits you but does no damage.
There is a stone staircase leading up here.
The orc warrior misses you. The sky beast misses you.
Something closely misses you.
You climb upwards.
Level annotation: Nanban's ghost, novice FoFi
There is a stone staircase leading down here.
Unknown command.
Deactivating autopickup; reactivate with Ctrl-A.
You closely miss something. You completely miss the sky beast.
The sky beast misses you. Something hits you.
* * * LOW HITPOINT WARNING * * *
The sky beast hits you. The sky beast shocks you.
* * * LOW HITPOINT WARNING * * *
Something hits you but does no damage.
You take 9 damage, and have 13/55 hp.
You now have 2/7 mp.
You barely miss something. You hit the sky beast but do no damage.
The sky beast hits you but does no damage.
You hear some strange, mumbled words.
A puff of flame appears from out of thin air!
The puff of flame hits you!
* * * LOW HITPOINT WARNING * * *
You take 4 damage, and have 9/55 hp.
You now have 1/7 mp.
You feel yourself speed up. The sky beast barely misses you.
Something barely misses you.
Unknown command.
A red film seems to cover your vision as you go berserk!
You feel yourself moving faster!
You feel mighty! The sky beast hits you.
* * * LOW HITPOINT WARNING * * *
The sky beast shocks you.
* * * LOW HITPOINT WARNING * * *
Something hits you.
* * * LOW HITPOINT WARNING * * *
You now have 6/82 hp.
You slash something! You hit the sky beast. You hit the sky beast.
The sky beast is moderately wounded.
You closely miss something. The sky beast hits you.
* * * LOW HITPOINT WARNING * * *
The sky beast shocks you.
You die...
Your body crumbles into a pile of gold.

.....█ █.█ █.█
█.██.█ █. .....█
█.█ █)█ █[██.████.
....████.█████████
█.███.██.█....
██..........)....█
█..........██.
█..████████████.█
█████.██.████.
██..█ █.█ █.██.█
█. ██..█ █.█
█.██.█ █. ....█
█.█ █.██.████.
██..█ █@█
█.........
██..██████


█Y█ ████.█████ .........█ █o█ ████████.█ ██.█████.█ █.█ █........██ ...█ █.█
█.█████.█.██ ████████ █.█ █.█ ██.███.███ ........ █.█ █.█ █.██...... ████████
█.█ █.█ ██.█...███ █ █.█ █.█ ██...██ You could see an orc warrior and a sky
beast.

Vanquished Creatures
  Menkaure (D:4)
  A sky beast (D:4)
  An ogre (D:5)
  A howler monkey (D:5)
  A hound (D:4)
  A jelly (D:5)
  An orc wizard (D:3)
  A centaur skeleton (D:4)
  Jessica (D:2)
  An iguana (D:5)
  2 worker ants
  A hound zombie (D:5)
  4 gnolls (D:2)
  8 adders
  3 oozes
  2 dart slugs (D:2)
  5 worms
  3 leopard geckos
  9 orcs
  10 bats
  6 giant cockroaches
  6 goblins
  7 hobgoblins
  8 jackals
  A quokka (D:6)
  5 frilled lizards
  5 kobolds
  3 rats
98 creatures vanquished.

Notes
Turn   | Place    | Note
-------+----------+-------------------------------------------
     0 | D:1      | Goblin1989 the Demonspawn Monk began the quest for the Orb.
     0 | D:1      | Reached XP level 1. HP: 18/18 MP: 1/1
    21 | D:1      | Reached skill level 3 in Axes
   128 | D:1      | Gained mutation: You are surrounded by a mild repulsion field. (EV +2) [demonic ancestry]
   128 | D:1      | Reached XP level 2. HP: 19/24 MP: 2/2
   641 | D:1      | Gained mutation: When hurt, damage is shared between your health and your magic reserves. [demonic ancestry]
   641 | D:1      | Reached XP level 3. HP: 19/29 MP: 3/3
  1225 | D:2      | Reached skill level 4 in Axes
  1588 | D:2      | Noticed Jessica
  1600 | D:2      | Killed Jessica
  1600 | D:2      | Reached XP level 4. HP: 35/35 MP: 4/4
  1962 | D:3      | Reached skill level 1 in Armour
  2035 | D:3      | Reached XP level 5. HP: 39/41 MP: 5/5
  2315 | D:3      | You fall through a shaft!
  2349 | D:4      | Found an opulent altar of Gozag.
  2360 | D:4      | Became a worshipper of Gozag Ym Sagoz the Greedy
  2598 | D:4      | Found a staircase to the Ecumenical Temple.
  2625 | D:4      | Noticed Menkaure
  2635 | D:4      | HP: 3/61 [Menkaure (8)]
  2641 | D:4      | Killed Menkaure
  2641 | D:4      | Reached skill level 5 in Axes
  2641 | D:4      | Gained mutation: You are surrounded by a moderate repulsion field. (EV +3) [demonic ancestry]
  2641 | D:4      | Reached XP level 6. HP: 5/48 MP: 3/6
  2871 | D:4      | Found Tyuffic's Tempting Trifles.
  2898 | D:4      | Bought a scroll of teleportation for 42 gold pieces
  3259 | D:4      | Learned a level 1 spell: Apportation
  3304 | D:5      | Entered Level 5 of the Dungeon
  3407 | D:5      | Noticed a sky beast
  3450 | D:5      | Noticed Nanban's ghost (novice FoFi)
  3816 | D:5      | Gained mutation: You have sharp toenails. [demonic ancestry]
  3816 | D:5      | Reached XP level 7. HP: 39/54 MP: 4/7
  4186 | D:5      | Found a blossoming altar of Fedhas.
  5243 | D:2      | Found a faded altar of an unknown god.
  5364 | D:2      | Reached skill level 6 in Axes
  5376 | D:2      | Found a stormy altar of Qazlal.
  5463 | D:2      | Found a deep blue altar of Sif Muna.
  5982 | D:5      | Slain by a sky beast

Skill      XL: |  1  2  3  4  5  6  7 |
---------------+----------------------+-----
Axes           | 3 4 5 6 |  6.0
Armour         | 1 2 |  2.8
Dodging        | 3 4 |  4.2
Fighting       | 4 |  4.6
Stealth        | |  1.7

Action                   |  1- 3 |  4- 6 |  7- 9 || total
-------------------------+-------+-------+-------++-------
Melee: Hand axe          |   130 |   222 |   240 ||   592
  Use: Potion            |     1 |     4 |     2 ||     7
       Scroll            |       |       |     4 ||     4
 Stab: Sleeping          |     4 |     1 |       ||     5
  Eat: Ration            |     1 |     1 |     3 ||     5
       Chunk             |       |     2 |       ||     2
Armor: Robe              |    18 |       |       ||    18
       Scale mail        |    19 |    74 |    76 ||   169
       Skin              |       |     3 |       ||     3
Dodge: Dodged            |   123 |   166 |   188 ||   477

Vault maps used:
D:1:      onia_arrival_handbag
D:2:      lemuel_coloured_pillars_altar, nicolae_overflow_crystal_walls,
          first_ration, chequers_ecumenical_altar_simple, serial_bayou_pond_a,
          minmay_unequal, uniq_jessica
D:4:      grunt_gozag_breadcrumbs, minmay_temple_entry_fiery, minivault_5,
          st_stairs_7, hangedman_decor_peaks_small, nicolae_alphabet_shops,
          lemuel_statue_altar, uniq_menkaure
D:5:      lemuel_doored_altar
D:6:      kennysheep_orc_sif_temple, old_standard_altar, trog_ov_bears_minmay,
          kennysheep_mini_moat, chei_slow_surprise, uniq_duvessa, uniq_pikel
